Map: 2000 Atmospheres LE

Players

A.I. 1 (Very Easy) - Winner!

  • Race: Protoss Protoss

Duke

  • Race: Terran Terran
  • League: Master

VOD

Have the link to the VOD?

Description

Time

  • Played on: Jan. 2, 2022, 5 p.m.
  • Length: 11:54
Show
View Real Time Build Order
Export as new Build Order

A.I. 1 (Very Easy) Protoss - Winner!

Build Orders:  

Get SALT Encoding   

  12  0:00  Probe  
  13  0:13  Probe  
  14  0:19  Pylon  
  14  0:36  Assimilator  
  14  0:42  Gateway  
  14  0:45  Pylon  
  14  1:14  Assimilator  
  14  1:17  Probe  
  14  1:25  Probe  
  15  1:31  Cybernetics Core  
  16  1:33  Probe  
  17  1:43  Probe  
  18  1:55  Probe  
  18  1:57  Stalker, Warp Gate  
  19  2:08  Probe  
  22  3:54  Probe  
  22  5:24  Zealot  
  22  5:26  Probe  
  22  5:27  Pylon  
  25  5:28  Robotics Facility  
  25  5:35  Probe  
  26  5:43  Probe  
  27  5:52  Probe  
  28  6:01  Pylon  
  28  6:05  Probe  
  27  6:17  Observer, Probe  
  29  6:19  Zealot  
  31  6:38  Observer  
  32  7:01  Nexus  
  32  7:14  Stalker  
  34  8:13  Probe  
  35  8:20  Probe  
  35  8:23  Assimilator  
  35  8:25  Assimilator, Probe  
  36  8:32  Probe  
  38  8:43  Probe  
  39  8:50  Probe  
  40  8:57  Probe  
  41  9:05  Probe  
  41  9:09  Probe  
  43  9:19  Probe  
  43  9:22  Probe  
  45  9:33  Probe  
  45  9:36  Probe  
  47  9:48  Probe  
  48  10:51  Warp Prism  
  48  10:55  Stalker  
  48  10:57  Gateway  
  48  11:01  Robotics Bay  
  46  11:04  Stargate  
  46  11:09  Pylon  
  46  11:15  Warp Prism  
  46  11:22  Sentry  
  50  11:47  Zealot  
  50  11:48  Gateway  
Show
View Real Time Build Order
Export as new Build Order

Duke Terran 

Build Orders: Command Center First (CC), Mech 

Get SALT Encoding   

  12  0:00  SCV  
  13  0:13  SCV  
  14  0:17  Supply Depot  
  14  0:25  SCV  
  15  0:39  SCV  
  16  0:51  SCV  
  17  0:59  Command Center  
  17  1:03  SCV  
  18  1:13  Barracks  
  19  1:18  SCV  
  19  1:22  Refinery  
  19  1:27  Refinery  
  19  1:30  SCV  
  20  1:42  SCV  
  21  1:47  Barracks  
  21  2:00  Orbital Command  
  21  2:01  Barracks Tech Lab  
  21  2:13  Orbital Command  
  21  2:22  Marauder  
  23  2:23  Concussive Shells  
  23  2:34  Barracks Reactor  
  23  2:37  Barracks  
  23  2:43  Marauder  
  23  2:44  SCV  
  26  2:47  SCV  
  27  2:54  Engineering Bay  
  27  2:57  SCV  
  28  2:59  SCV  
  28  3:01  Supply Depot  
  28  3:04  Marine  
  30  3:09  SCV  
  30  3:11  Marine x2  
  33  3:15  SCV  
  34  3:22  SCV  
  34  3:24  Barracks Tech Lab  
  34  3:26  Terran Infantry Weapons Level 1  
  35  3:27  SCV, Supply Depot  
  35  3:31  Marine x2  
  35  3:32  Marine  
  39  3:37  SCV  
  40  3:41  Factory  
  40  3:42  SCV  
  40  3:46  Marine  
  40  3:47  Stimpack  
  42  3:52  Marine x2  
  42  3:53  Marine  
  45  3:58  Supply Depot  
  45  3:59  SCV  
  45  4:01  SCV  
  47  4:04  Marine  
  47  4:05  Combat Shield  
  48  4:10  Marine x2  
  48  4:11  Marine  
  48  4:14  SCV x2  
  53  4:21  Supply Depot  
  53  4:22  Marine  
  54  4:26  Starport  
  54  4:28  SCV  
  54  4:29  Marine x2  
  54  4:31  Marine  
  57  4:33  Factory Reactor  
  57  4:35  SCV  
  59  4:38  Supply Depot  
  59  4:40  Marine  
  59  4:42  SCV  
  61  4:45  Supply Depot  
  61  4:47  Marine x2  
  61  4:49  Marine  
  61  4:51  SCV  
  65  4:58  SCV  
  66  5:01  Reaper  
  66  5:05  Marine  
  66  5:06  SCV  
  66  5:07  Marine x2  
  69  5:13  SCV  
  72  5:17  Medivac x2  
  76  5:24  Command Center, Supply Depot  
  76  5:25  Refinery  
  76  5:27  SCV  
  76  5:28  SCV, Refinery  
  78  5:35  Marine x2, Marauder x2  
  82  5:40  SCV x2  
  82  5:41  Factory Tech Lab  
  86  5:47  Supply Depot  
  86  5:48  Supply Depot  
  86  5:52  SCV  
  87  6:00  Marine x2  
  87  6:01  Marauder x2  
  93  6:06  SCV  
  93  6:09  SCV, Siege Tank  
  93  6:10  Medivac  
  100  6:13  Supply Depot  
  100  6:19  SCV  
  100  6:20  Marine x2  
  100  6:23  Marauder x2  
  108  6:25  SCV  
  108  6:30  Supply Depot  
  108  6:35  Orbital Command  
  108  6:38  SCV x2  
  110  6:40  Marine x2  
  110  6:43  Siege Tank  
  115  6:47  Refinery, Terran Infantry Armor Level 1  
  115  6:50  Orbital Command, Refinery  
  115  6:52  SCV x2, Armory  
  117  6:59  Marine x2  
  117  7:00  Marauder x2  
  123  7:04  Medivac  
  123  7:05  Medivac  
  123  7:07  SCV  
  128  7:08  SCV  
  129  7:17  Marine x2  
  129  7:19  SCV  
  129  7:20  Siege Tank  
  135  7:23  Marauder x2  
  139  7:30  Supply Depot  
  139  7:36  Supply Depot  
  139  7:37  Marine x2  
  141  7:49  Factory  
  141  7:50  Terran Vehicle Weapons Level 1  
  141  7:51  Factory, Barracks  
  141  7:52  Marauder x2  
  141  7:53  Medivac  
  141  7:56  SCV x2  
  141  7:58  SCV, Marine x2, Siege Tank  
  153  8:02  Supply Depot  
  153  8:04  Supply Depot  
  155  8:10  SCV x2  
  155  8:11  SCV  
  158  8:14  Supply Depot  
  158  8:16  Marauder  
  158  8:17  Marine x2, Marauder  
  164  8:22  SCV  
  164  8:24  SCV x2  
  167  8:32  Armory  
  167  8:33  Engineering Bay  
  167  8:34  Factory Tech Lab  
  167  8:36  Factory Reactor  
  167  8:39  Barracks Reactor  
  167  8:41  Terran Infantry Weapons Level 2  
  167  8:43  Marine x2  
  167  8:44  Marauder  
  167  8:45  Siege Tank, Factory  
  167  8:46  SCV  
  175  8:51  Barracks Reactor  
  175  8:53  Siege Tank  
  176  9:02  Infernal Pre-Igniter  
  176  9:05  Marine x2  
  176  9:06  Command Center, Marauder  
  180  9:11  Supply Depot  
  180  9:12  Supply Depot  
  180  9:15  Supply Depot  
  180  9:16  Hellbat x2  
  184  9:19  Terran Infantry Armor Level 2  
  184  9:22  Terran Vehicle And Ship Armor Level 1  
  184  9:25  Marine x3  
  184  9:26  Marine  
  188  9:32  Siege Tank  
  188  9:33  Siege Tank  
  188  9:34  Supply Depot  
  188  9:35  Marine  
  188  9:36  Marine  
  196  9:39  Marauder  
  198  9:53  Marine x2  
  198  9:55  Command Center  
  200  10:26  Refinery  
  200  10:28  Refinery  
  200  10:32  Barracks x2  
  200  10:35  Factory  
  200  10:39  Planetary Fortress  
  200  10:55  Missile Turret  
  200  10:56  Missile Turret  
  200  10:58  Missile Turret  
  200  10:59  Missile Turret  
  200  11:00  Missile Turret  
  200  11:17  Missile Turret  
  200  11:19  Command Center  
  200  11:21  Command Center  
  200  11:22  Sensor Tower  
  200  11:23  Orbital Command  
  200  11:24  Sensor Tower  
  200  11:25  Factory Tech Lab  
  200  11:26  Barracks Reactor x2  
  200  11:27  Command Center  
  200  11:33  Barracks Tech Lab  
  200  11:37  Ghost Academy  
Tags
 
Add a new tag
Caveats
  • Supply blocks, unpowered buildings, or Contaminate may cause inaccurate times.
  • Supply counts are checked every 10 seconds.